[Event "Titled Tuesday Blitz March 08 Late 2022"]
[White "Jobava, Baadur"]
[Black "Holt, Conrad"]
[WhiteFideId "13601520"]
[BlackFideId "2034387"]
[WhiteElo "2617"]
[BlackElo "2586"]
[Result "0-1"]
[Round "08"]
[TimeControl "180+1"]
[Date "2022.03.08"]
[WhiteClock "0:00:03"]
[BlackClock "0:00:12"]

1. e4 e6 2. d4 d5 3. exd5 exd5 4. Nf3 Bd6 5. Bd3 Nc6 6. c3 Bg4 7. h3 Bh5 8. O-O Nge7 9. Re1 Qd7 10. b4 f6 11. a4 O-O 12. Nbd2 Ng6 13. Qc2 Rae8 14. Bb2 Kh8 15. Bf5 Qf7 16. b5 Nd8 17. c4 Bxf3 18. Nxf3 dxc4 19. g3 Ne7 20. Bd7 Bb4 21. Re2 Qd5 22. Bxe8 Qxf3 23. Bd7 Qd5 24. Bg4 h5 25. Bc3 Bd6 26. Bd7 h4 27. gxh4 f5 28. Rae1 Ng6 29. Bxf5 Qxf5 30. Qxf5 Rxf5 31. Re8+ Rf8 32. Rxf8+ Nxf8 33. Re8 Ne6 34. d5 Nf4 35. Be5 Bxe5 36. Rxe5 c3 0-1


[Site "https://www.chess.com"]

[Event "Titled Tuesday Blitz March 08 Late 2022"]
[White "Kaganskiy, Gleb"]
[Black "P., Komal Kishore"]
[WhiteFideId "4132025"]
[BlackFideId "5016703"]
[WhiteElo "2165"]
[BlackElo "2155"]
[Result "1-0"]
[Round "08"]
[TimeControl "180+1"]
[Date "2022.03.09"]
[WhiteClock "0:02:04"]
[BlackClock "0:02:26"]

1. e4 c6 2. d4 d5 3. Nd2 dxe4 4. Nxe4 Bf5 5. Ng3 Bg6 6. Nh3 e6 7. Nf4 Bd6 8. h4 Bxf4 9. Bxf4 Qb6 10. h5 Bf5 11. Nxf5 Qa5+ 12. Bd2 Qxf5 13. Bd3 Qd5 14. Qg4 c5 15. Qxg7 Qxd4 16. Bc3 1-0


[Site "https://www.chess.com"]

[Event "Titled Tuesday Blitz March 08 Late 2022"]
[White "Kamsky, Gata"]
[Black "orkinyo12345"]
[WhiteFideId "2000024"]
[WhiteElo "2645"]
[BlackElo "2543"]
[Result "1-0"]
[Round "08"]
[TimeControl "180+1"]
[Date "2022.03.08"]
[WhiteClock "0:01:06"]
[BlackClock "0:00:08"]

1. Nf3 Nf6 2. g3 g6 3. Bg2 Bg7 4. O-O O-O 5. c4 d6 6. Nc3 Nbd7 7. Rb1 e5 8. d3 Re8 9. b4 e4 10. Nxe4 Nxe4 11. dxe4 Rxe4 12. Nd2 Re8 13. Bb2 Bxb2 14. Rxb2 a5 15. b5 Qf6 16. Rc2 Nc5 17. Nb3 Bf5 18. Rc1 Bg4 19. Re1 a4 20. Nxc5 dxc5 21. Bxb7 Rad8 22. Bd5 h5 23. Qd3 h4 24. f3 hxg3 25. hxg3 Qg5 26. Kf2 Bf5 27. e4 Be6 28. Qe3 Qe5 29. Qc3 Qg5 30. Rh1 f6 31. f4 1-0


[Site "https://www.chess.com"]

[Event "Titled Tuesday Blitz March 08 Late 2022"]
[White "Karttunen, Mika"]
[Black "Mickiewicz, Piotr"]
[WhiteFideId "502081"]
[BlackFideId "1114891"]
[WhiteElo "2343"]
[BlackElo "2266"]
[Result "0-1"]
[Round "08"]
[TimeControl "180+1"]
[Date "2022.03.09"]
[WhiteClock "0:00:08"]
[BlackClock "0:00:05"]

1. e4 c6 2. d4 d5 3. exd5 cxd5 4. Bd3 Nc6 5. c3 Nf6 6. h3 g6 7. Nf3 Bg7 8. O-O O-O 9. Re1 Bf5 10. Bf1 a6 11. a4 Qc7 12. Nbd2 Rab8 13. Nb3 Nb4 14. Re2 Nd3 15. Be3 Rfe8 16. Rd2 Nf4 17. Ne5 Ne6 18. g4 Be4 19. f3 Nd7 20. fxe4 Nxe5 21. dxe5 dxe4 22. Bg2 Qxe5 23. Rd5 Qg3 24. Qe1 Qc7 25. Qf2 Qc4 26. Qd2 Qxb3 27. Bxe4 Rbd8 28. Rd1 Rxd5 29. Bxd5 Qxa4 30. Bxb7 Qb5 31. Bd5 Rd8 32. Qg2 Nc7 33. Bf3 Rxd1+ 34. Bxd1 Nd5 35. Bf2 e5 36. Qe4 Nf4 37. Qa8+ Bf8 38. Be3 Nxh3+ 39. Kg2 Nf4+ 40. Kf3 Qf1+ 41. Ke4 Qxd1 42. Bxf4 Qh1+ 0-1


[Site "https://www.chess.com"]

[Event "Titled Tuesday Blitz March 08 Late 2022"]
[White "Keymer, Vincent"]
[Black "Caruana, Fabiano"]
[WhiteFideId "12940690"]
[BlackFideId "2020009"]
[WhiteElo "2557"]
[BlackElo "2744"]
[Result "0-1"]
[Round "08"]
[TimeControl "180+1"]
[Date "2022.03.08"]
[WhiteClock "0:00:06"]
[BlackClock "0:00:33"]

1. Nf3 d5 2. e3 Nf6 3. c4 c6 4. Nc3 Nbd7 5. d4 e6 6. Qc2 Bd6 7. b3 O-O 8. Be2 b6 9. O-O Bb7 10. Bb2 Re8 11. a4 a5 12. h3 Qe7 13. Bd3 Rad8 14. Rad1 h6 15. Rfe1 Bb4 16. Re2 c5 17. cxd5 exd5 18. Nb5 Rc8 19. Qb1 c4 20. Bf5 c3 21. Ba1 Ba6 22. Rc2 Bxb5 23. axb5 g6 24. Bd3 Ne4 25. Qc1 Rc7 26. Ne1 Rec8 27. Bf1 Nd2 28. Bxc3 Bxc3 29. Rdxd2 Bxd2 30. Rxc7 Bxc1 31. Rxc8+ Kg7 32. Rxc1 Qb4 33. Nd3 Qxb3 34. Rc7 Nf8 35. Ne5 a4 36. Rxf7+ Kg8 37. e4 a3 38. exd5 a2 39. Ra7 Qb1 40. d6 a1=Q 41. Rxa1 Qxa1 42. d7 Ne6 43. Kh2 Qxd4 44. Bc4 Qxe5+ 45. g3 Qd6 46. Bxe6+ Kf8 47. Bg4 h5 0-1


[Site "https://www.chess.com"]

[Event "Titled Tuesday Blitz March 08 Late 2022"]
[White "Kim, Sergey"]
[Black "Ronka, Erik"]
[WhiteFideId "13700570"]
[BlackFideId "505080"]
[WhiteElo "2548"]
[BlackElo "2264"]
[Result "1-0"]
[Round "08"]
[TimeControl "180+1"]
[Date "2022.03.09"]
[WhiteClock "0:01:09"]
[BlackClock "0:01:00"]

1. d4 d5 2. c4 dxc4 3. e3 Be6 4. Qc2 c5 5. dxc5 Qa5+ 6. Nd2 Qxc5 7. Bxc4 Bxc4 8. Qxc4 Qxc4 9. Nxc4 Nc6 10. Bd2 Nf6 11. Nf3 Ne4 12. Ke2 Nxd2 13. Nfxd2 O-O-O 14. Rac1 Kb8 15. a3 g6 16. Ne4 h6 17. b4 Bg7 18. Rc2 f5 19. Nc5 e5 20. b5 Ne7 21. Ne6 Rdg8 22. Nxg7 Rxg7 23. Nxe5 Nc8 24. Rd1 Re8 25. Rd7 Rxd7 26. Nxd7+ Ka8 27. Ne5 g5 28. Nf7 Nb6 29. Nxh6 Rh8 30. Nxf5 Rxh2 31. g3 Kb8 32. Nd6 a6 33. bxa6 bxa6 34. Rc6 Nd5 35. Rc8+ Ka7 36. Rg8 Nc3+ 37. Kf3 Nd1 38. Ne4 g4+ 39. Rxg4 1-0


[Site "https://www.chess.com"]

[Event "Titled Tuesday Blitz March 08 Late 2022"]
[White "Kopczynski, Michal"]
[Black "Ozates, Tuna"]
[WhiteFideId "1124200"]
[BlackFideId "6354521"]
[WhiteElo "2235"]
[BlackElo "1887"]
[Result "1-0"]
[Round "08"]
[TimeControl "180+1"]
[Date "2022.03.09"]
[WhiteClock "0:00:37"]
[BlackClock "0:01:30"]

1. e4 c5 2. d4 cxd4 3. c3 d3 4. Bxd3 Nc6 5. f4 d5 6. e5 Nh6 7. Nf3 Bg4 8. O-O e6 9. Be3 Nf5 10. Bf2 h5 11. h3 Bxf3 12. Qxf3 h4 13. Bxf5 exf5 14. Rd1 Qc7 15. Rxd5 Rd8 16. Nd2 Rxd5 17. Qxd5 Be7 18. e6 Qxf4 19. exf7+ Kf8 20. Nf3 Rh6 21. Re1 Rd6 22. Qb3 Rd7 23. Bxh4 Bc5+ 24. Kh1 Rxf7 25. Ng5 Re7 26. Ne6+ Rxe6 27. Qxe6 Qb8 28. Qxf5+ Kg8 29. Qd5+ 1-0


[Site "https://www.chess.com"]

[Event "Titled Tuesday Blitz March 08 Late 2022"]
[White "Kosakowski, Jakub"]
[Black "Chigaev, Maksim"]
[WhiteFideId "1185080"]
[BlackFideId "4108116"]
[WhiteElo "2476"]
[BlackElo "2502"]
[Result "0-1"]
[Round "08"]
[TimeControl "180+1"]
[Date "2022.03.08"]
[WhiteClock "0:00:29"]
[BlackClock "0:00:59"]

1. e4 c5 2. Nf3 d6 3. Bb5+ Bd7 4. Bxd7+ Nxd7 5. O-O Ngf6 6. Qe2 g6 7. d4 cxd4 8. Nxd4 Bg7 9. Rd1 O-O 10. Nc3 Rc8 11. h3 a6 12. Bd2 Re8 13. Be1 Qc7 14. a4 Qc4 15. Qd2 Ne5 16. f3 Qc5 17. b3 b6 18. Kh1 e6 19. a5 b5 20. Na2 d5 21. Nb4 dxe4 22. Nxa6 Qa7 23. Nb4 exf3 24. Nxb5 Qa8 25. Nd6 Red8 26. a6 Rxd6 27. Qxd6 fxg2+ 28. Kh2 Nf3+ 29. Kxg2 Nh4+ 0-1


[Site "https://www.chess.com"]

[Event "Titled Tuesday Blitz March 08 Late 2022"]
[White "Kovanova, Baira"]
[Black "Todorovic, Bojan"]
[WhiteFideId "4164083"]
[BlackFideId "917087"]
[WhiteElo "2190"]
[BlackElo "2266"]
[Result "0-1"]
[Round "08"]
[TimeControl "180+1"]
[Date "2022.03.09"]
[WhiteClock "0:00:14"]
[BlackClock "0:00:42"]

1. e4 c5 2. Nf3 e6 3. d3 Nc6 4. g3 g6 5. Bg2 Bg7 6. O-O Nge7 7. Qe2 O-O 8. c3 d6 9. Rd1 b6 10. d4 cxd4 11. cxd4 d5 12. e5 Nb4 13. Bg5 Ba6 14. Qd2 Nbc6 15. Nc3 Rc8 16. Rac1 Na5 17. b3 Qd7 18. Bf6 h6 19. h4 Kh7 20. h5 Ng8 21. Bxg7 Kxg7 22. Qf4 g5 23. Qg4 f5 24. exf6+ Nxf6 25. Qh3 g4 26. Qh4 gxf3 27. Bxf3 Qd6 28. Re1 Bd3 29. Kg2 Nh7 30. Qg4+ Ng5 31. Nxd5 Rxc1 32. Rxc1 exd5 33. Re1 Be4 34. Bxe4 dxe4 35. Rxe4 Qd5 36. f3 Rxf3 0-1


[Site "https://www.chess.com"]

[Event "Titled Tuesday Blitz March 08 Late 2022"]
[White "Kozina, Anastasia"]
[Black "Ladan, Nicholas"]
[WhiteFideId "24174017"]
[BlackFideId "30918855"]
[WhiteElo "1993"]
[BlackElo "2167"]
[Result "1-0"]
[Round "08"]
[TimeControl "180+1"]
[Date "2022.03.09"]
[WhiteClock "0:00:08"]
[BlackClock "0:00:04"]

1. e4 e5 2. Nf3 Nc6 3. Bb5 a6 4. Ba4 g6 5. Bxc6 dxc6 6. O-O Bg7 7. d3 Ne7 8. Nbd2 O-O 9. b3 c5 10. Bb2 Nc6 11. Nc4 Re8 12. a4 Qf6 13. h3 Qe7 14. Ne3 Be6 15. Nd2 Nd4 16. c3 Nc6 17. Nd5 Qd7 18. Qf3 Rad8 19. c4 Nd4 20. Bxd4 exd4 21. Nf6+ Bxf6 22. Qxf6 Qc8 23. Nf3 Rd6 24. Qh4 Kg7 25. Nh2 Rb6 26. Rab1 Qd8 27. Qg3 Qd6 28. f4 f5 29. e5 Qc6 30. Nf3 Rb4 31. Qh4 Bg8 32. Rfe1 Re6 33. Ng5 Re8 34. Re2 h6 35. Nf3 Re6 36. Qg3 Qe8 37. Nh4 Kh7 38. Qf3 Reb6 39. Reb2 Be6 40. g4 Qd7 41. gxf5 Bxf5 42. Kh2 Be6 43. Qg3 Qf7 44. Nf3 Bd7 45. Nd2 Bxa4 46. Ne4 Rxb3 47. Rxb3 Bxb3 48. Nf6+ Rxf6 49. exf6 Ba4 50. Rxb7 Bc6 51. Rb8 Qxf6 52. f5 Qxf5 53. Qxc7+ Bd7 54. Qg3 Qxd3 55. Qxd3 h5 56. Rb7 Kh6 57. Rxd7 h4 58. Rd6 a5 59. Qxg6# 1-0


[Site "https://www.chess.com"]

[Event "Titled Tuesday Blitz March 08 Late 2022"]
[White "Kuegel, Tobias"]
[Black "Pinheiro, Iung Alicio de O."]
[WhiteFideId "4636295"]
[BlackFideId "2104350"]
[WhiteElo "2213"]
[BlackElo "2617"]
[Result "1-0"]
[Round "08"]
[TimeControl "180+1"]
[Date "2022.03.08"]
[WhiteClock "0:00:18"]
[BlackClock "0:00:08"]

1. e4 d6 2. d4 Nf6 3. Nc3 g6 4. Bc4 Bg7 5. Qe2 Nc6 6. e5 Nd7 7. e6 fxe6 8. Nf3 Nxd4 9. Nxd4 Bxd4 10. Bxe6 Nc5 11. Bc4 e6 12. Be3 Bxe3 13. Qxe3 O-O 14. O-O-O Qf6 15. Kb1 Kh8 16. h4 Bd7 17. f3 Rab8 18. h5 g5 19. h6 b5 20. Bb3 b4 21. Ne2 a5 22. Nd4 a4 23. Bc4 a3 24. b3 Rbe8 25. c3 e5 26. Ne2 e4 27. fxe4 Nxe4 28. Qd4 Qxd4 29. Rxd4 Nxc3+ 30. Nxc3 bxc3 31. Kc2 Rf2+ 32. Kxc3 Rxa2 33. b4 Rxg2 34. Ra1 Re3+ 35. Rd3 Rxd3+ 36. Bxd3 a2 37. Bc4 Rg3+ 38. Kd4 Rg4+ 39. Kc3 c6 40. Bxa2 Rg3+ 41. Kd4 Be8 42. Be6 Rf3 43. Ra8 Rf8 44. Bd7 Kg8 45. Bxe8 c5+ 46. bxc5 dxc5+ 47. Kxc5 g4 48. Kd5 g3 49. Ke6 g2 50. Bf7+ 1-0


[Site "https://www.chess.com"]

[Event "Titled Tuesday Blitz March 08 Late 2022"]
[White "Kushko, Dmitriy"]
[Black "Lopez Del Alamo, Antonio"]
[WhiteFideId "14162261"]
[BlackFideId "2227339"]
[WhiteElo "2225"]
[BlackElo "2082"]
[Result "1-0"]
[Round "08"]
[TimeControl "180+1"]
[Date "2022.03.09"]
[WhiteClock "0:00:05"]
[BlackClock "0:00:24"]

1. Nf3 Nf6 2. g3 g6 3. Bg2 Bg7 4. c4 O-O 5. O-O d6 6. d4 Bf5 7. Nc3 Ne4 8. Nd5 c6 9. Ne3 Bc8 10. Qc2 f5 11. b3 e5 12. dxe5 dxe5 13. Ba3 Re8 14. Rfd1 Qf6 15. c5 Be6 16. Nc4 Bd5 17. Bb2 Nd7 18. Nfxe5 Nxe5 19. Nxe5 Rxe5 20. f4 Qe7 21. Bxe5 Bxe5 22. fxe5 Qxe5 23. Rac1 Re8 24. Bxe4 Bxe4 25. Qc3 Qe7 26. Rd6 Bd5 27. Qd3 Qxe2 28. Qxe2 Rxe2 29. Rd7 g5 30. Kf1 Rxh2 31. Re1 Rh1+ 32. Kf2 Rh2+ 33. Ke3 Rxa2 34. Kd4 Rd2+ 35. Ke5 Rf2 36. Kf6 Be4 37. Red1 Bd5 38. Rd8# 1-0


[Site "https://www.chess.com"]

[Event "Titled Tuesday Blitz March 08 Late 2022"]
[White "Maghsoodloo, Parham"]
[Black "Thavandiran, Shiyam"]
[WhiteFideId "12539929"]
[BlackFideId "2605058"]
[WhiteElo "2630"]
[BlackElo "2357"]
[Result "0-1"]
[Round "08"]
[TimeControl "180+1"]
[Date "2022.03.08"]
[WhiteClock "0:00:07"]
[BlackClock "0:00:12"]

1. d4 e6 2. c4 Bb4+ 3. Bd2 a5 4. g3 d5 5. Nf3 dxc4 6. Bg2 Ne7 7. Qc2 b5 8. a4 Bxd2+ 9. Nfxd2 c6 10. axb5 Qxd4 11. O-O O-O 12. Rd1 Qc5 13. Qxc4 Qb6 14. Nc3 cxb5 15. Qxb5 Ra6 16. Nc4 Qxb5 17. Nxb5 Nbc6 18. Rd6 a4 19. Bxc6 Rxc6 20. Rxa4 Rc5 21. Nba3 Nf5 22. Rd3 Bb7 23. b4 Rcc8 24. b5 Rfd8 25. b6 Rxd3 26. exd3 Nd4 27. Ra7 Bd5 28. b7 Rb8 29. Nd6 Kf8 30. Nac4 Ke7 31. Nc8+ Kd8 32. N4d6 f6 33. h4 Kc7 34. f4 Nc6 35. Ra8 Nb4 36. Rxb8 Kxb8 37. Ne7 Nxd3 38. Nxd5 exd5 39. h5 g6 40. h6 Nc5 41. Kf2 Ne4+ 42. Nxe4 dxe4 43. Ke3 f5 44. g4 Kxb7 45. gxf5 gxf5 46. Kd4 Kc6 47. Ke5 e3 48. Kf6 e2 49. Kg7 e1=Q 50. Kxh7 Qe6 51. Kg7 Qe7+ 52. Kg8 Qe6+ 53. Kg7 Qd7+ 54. Kg8 Qc8+ 55. Kg7 Qc7+ 56. Kg6 Qxf4 57. h7 Qg4+ 58. Kf7 Qh5+ 59. Kg8 f4 60. h8=Q Qxh8+ 61. Kxh8 f3 0-1


[Site "https://www.chess.com"]

[Event "Titled Tuesday Blitz March 08 Late 2022"]
[White "Makarian, Rudik"]
[Black "Koutlas, Nikolaos"]
[WhiteFideId "44105681"]
[BlackFideId "25827138"]
[WhiteElo "2388"]
[BlackElo "1610"]
[Result "0-1"]
[Round "08"]
[TimeControl "180+1"]
[Date "2022.03.08"]
[WhiteClock "0:00:46"]
[BlackClock "0:00:20"]

1. d4 Nf6 2. c4 g6 3. h4 c5 4. d5 e6 5. Nc3 exd5 6. cxd5 h6 7. e4 d6 8. h5 g5 9. Nf3 Bg7 10. Nd2 O-O 11. Be2 Re8 12. O-O Nbd7 13. Nc4 Ne5 14. Nxe5 Rxe5 15. f4 gxf4 16. Bxf4 Re8 17. Qd2 Nxe4 18. Nxe4 Rxe4 19. Bxh6 Bd4+ 20. Rf2 Qf6 21. Rf1 Rxe2 22. Qxe2 Qxh6 23. Qe8+ Qf8 24. Qe4 Bd7 25. Kh2 Bxf2 26. Rxf2 Re8 27. Qf4 Re5 28. g4 Qg7 29. Rg2 Rxd5 30. Re2 Re5 31. Rd2 Bxg4 32. Rg2 Rxh5+ 33. Kg1 Rg5 34. Qxd6 Qd4+ 0-1


[Site "https://www.chess.com"]

[Event "Titled Tuesday Blitz March 08 Late 2022"]
[White "Maksimovic, Bojan"]
[Black "Vusatiuk, Vladimir"]
[WhiteFideId "14408120"]
[BlackFideId "14118610"]
[WhiteElo "2448"]
[BlackElo "2157"]
[Result "1-0"]
[Round "08"]
[TimeControl "180+1"]
[Date "2022.03.08"]
[WhiteClock "0:00:08"]
[BlackClock "0:00:05"]

1. e4 c5 2. Nf3 Nc6 3. Bb5 g6 4. O-O Bg7 5. c3 Nf6 6. Re1 O-O 7. d4 d5 8. e5 Ne4 9. Bxc6 bxc6 10. Be3 cxd4 11. cxd4 Bf5 12. Nbd2 Rb8 13. b3 a5 14. a3 Bg4 15. h3 Nxd2 16. Bxd2 Bxf3 17. Qxf3 Qb6 18. Rab1 Qxd4 19. Bxa5 Qa7 20. b4 Rbc8 21. Rbc1 e6 22. Qe3 Qxe3 23. Rxe3 Bh6 24. Bb6 Bxe3 25. Bxe3 Ra8 26. Rc3 Rfc8 27. Kf1 Kf8 28. Ke2 Ke7 29. Kd3 Kd7 30. Kc2 Ra6 31. Kb2 Rf8 32. Bc5 Rg8 33. Rf3 Ke8 34. Kb3 g5 35. Rg3 h6 36. a4 h5 37. a5 g4 38. h4 Rg6 39. Bd4 Kd7 40. Rc3 Ra8 41. Ka4 g3 42. f3 Rgg8 43. Rc2 Rgf8 44. Bc5 Rfe8 45. Bd4 Rec8 46. Rd2 Rg8 47. Bc5 Rg6 48. Bd4 Rg7 49. Bc3 Rg6 50. Rd3 Ke8 51. Rd1 Ke7 52. Bd4 Kd7 53. Rc1 Rg7 54. Rc2 Rgg8 55. Bc3 Rge8 56. Rd2 Reb8 57. Rd4 Rc8 58. Rf4 c5 59. bxc5 Rxc5 60. Bb4 Rc4 61. Rxf7+ Ke8 62. Rf8+ Kd7 63. Rxa8 d4 64. Kb5 Rc2 65. a6 d3 66. Rg8 d2 67. Bxd2 Rxd2 68. a7 Rb2+ 69. Kc4 Rc2+ 70. Kd3 Ra2 71. a8=Q Rxa8 72. Rxa8 1-0


[Site "https://www.chess.com"]

[Event "Titled Tuesday Blitz March 08 Late 2022"]
[White "Maltsevskaya, Aleksandra"]
[Black "Nikologorsky, Matfei"]
[WhiteFideId "24174041"]
[BlackFideId "24102474"]
[WhiteElo "2241"]
[BlackElo "2231"]
[Result "1-0"]
[Round "08"]
[TimeControl "180+1"]
[Date "2022.03.09"]
[WhiteClock "0:00:39"]
[BlackClock "0:00:02"]

1. Nf3 d5 2. g3 Nf6 3. d3 g6 4. Nbd2 Bg7 5. Bg2 O-O 6. O-O c6 7. e4 e6 8. a4 Nbd7 9. a5 Nh5 10. Re1 f5 11. exd5 exd5 12. Nb3 Ndf6 13. a6 b6 14. Nbd4 Qd6 15. Ng5 Bd7 16. Nge6 Rfe8 17. Nxg7 Kxg7 18. Bg5 c5 19. Nf3 Bc6 20. Qd2 d4 21. Bh6+ Kg8 22. Rxe8+ Rxe8 23. Re1 Rxe1+ 24. Qxe1 Ng4 25. Bg5 h6 26. Be7 Qd7 27. Nh4 Bxg2 28. Kxg2 Kf7 29. h3 Ne3+ 30. fxe3 Qxe7 31. e4 fxe4 32. dxe4 Qg5 33. Nf3 Qe7 34. e5 Ng7 35. Qe4 Nf5 36. c3 dxc3 37. bxc3 Qd7 38. g4 Ne7 39. Kg3 Ke6 40. Qf4 Nd5 41. Qxh6 Qe8 42. Qg7 Qe7 43. Qxg6+ Kd7 44. Qe4 Nxc3 45. Qd3+ Kc6 46. Qxc3 b5 47. Qd3 1-0


[Site "https://www.chess.com"]

[Event "Titled Tuesday Blitz March 08 Late 2022"]
[White "Mangialardo, Tiago Carvalho"]
[Black "Vine, Elzbieta"]
[WhiteFideId "2130718"]
[BlackFideId "1119320"]
[WhiteElo "2084"]
[BlackElo "1817"]
[Result "0-1"]
[Round "08"]
[TimeControl "180+1"]
[Date "2022.03.09"]
[WhiteClock "0:00:01"]
[BlackClock "0:00:17"]

1. e4 c5 2. Nf3 a6 3. d4 cxd4 4. Nxd4 d6 5. Nc3 Nf6 6. Be3 b5 7. a3 Bb7 8. Bd3 Nbd7 9. O-O e6 10. Re1 Be7 11. Qe2 Nc5 12. f3 Nxd3 13. Qxd3 O-O 14. Rad1 Qc7 15. Nb3 d5 16. exd5 Nxd5 17. Nxd5 Bxd5 18. Nd4 Rac8 19. c3 Bd6 20. h3 Bg3 21. Bf2 Bf4 22. Ne2 Be5 23. Bd4 Bd6 24. Qe3 Rfd8 25. Bb6 Qd7 26. Bxd8 Bc5 27. Nd4 Rxd8 28. f4 Qc7 29. Kh1 Qb7 30. Qe2 Re8 31. f5 Kf8 32. Qh5 Bxg2+ 33. Kg1 h6 34. Qg4 Bf3 0-1


[Site "https://www.chess.com"]

[Event "Titled Tuesday Blitz March 08 Late 2022"]
[White "Maranhao,Jose Renato Ruiz"]
[Black "Vargas Pereda, Jesus Manue"]
[WhiteFideId "2135175"]
[BlackFideId "5115710"]
[WhiteElo "1970"]
[BlackElo "1777"]
[Result "1-0"]
[Round "08"]
[TimeControl "180+1"]
[Date "2022.03.09"]
[WhiteClock "0:01:35"]
[BlackClock "0:01:17"]

1. e4 c5 2. d4 cxd4 3. c3 d5 4. exd5 Qxd5 5. cxd4 Nc6 6. Nf3 Bg4 7. Be2 e6 8. Nc3 Bb4 9. O-O Bxc3 10. bxc3 Nf6 11. Ba3 Qa5 12. Qb3 Qc7 13. h3 Bf5 14. Rfe1 Ne7 15. Bb5+ Nd7 16. Ne5 Nc6 17. Nxd7 Qxd7 18. d5 a6 19. dxc6 bxc6 20. Ba4 f6 21. Rad1 Qc7 22. Bd6 Qd7 23. g4 1-0


[Site "https://www.chess.com"]

[Event "Titled Tuesday Blitz March 08 Late 2022"]
[White "Martin Barcelo, Carles"]
[Black "Zhurbinsky, David"]
[WhiteFideId "24561444"]
[BlackFideId "2072904"]
[WhiteElo "1875"]
[BlackElo "2534"]
[Result "1-0"]
[Round "08"]
[TimeControl "180+1"]
[Date "2022.03.09"]
[WhiteClock "0:00:16"]
[BlackClock "0:00:26"]

1. e4 e5 2. Nf3 Nc6 3. Bb5 a6 4. Ba4 Nf6 5. O-O Be7 6. d3 b5 7. Bb3 O-O 8. Nc3 Bb7 9. Nd5 d6 10. a4 h6 11. Nxf6+ Bxf6 12. Bd5 Qd7 13. Be3 Nd8 14. Bxb7 Nxb7 15. b4 c5 16. c3 Rfd8 17. Qb3 cxb4 18. cxb4 d5 19. Bb6 dxe4 20. dxe4 Rdc8 21. Rfd1 Qg4 22. axb5 axb5 23. Rxa8 Rxa8 24. Qd5 Ra3 25. Be3 Nd8 26. h3 Qe6 27. Qxb5 Kh7 28. Qd5 Qa6 29. Nxe5 Qe2 30. Ng4 Be7 31. Qd2 Qc4 32. e5 Ne6 33. Qc1 Qxb4 34. Qc2+ g6 35. Bxh6 Qa5 36. Be3 Ra2 37. Qd3 Qa4 38. Qd7 Qb3 39. Re1 Bb4 40. Qxf7+ Ng7 41. Nf6+ Kh8 42. Bh6 Qxf7 43. Rd1 Qe7 44. Rc1 Ra1 45. Rxa1 Qxe5 46. Ra8+ Ne8 47. Rxe8+ Qxe8 48. Nxe8 Kh7 49. Be3 Be7 50. Nc7 Kg8 51. Nd5 Kf7 52. Nxe7 Kxe7 53. g4 Kf7 54. f4 Ke7 55. Kf2 Kf7 56. Kf3 Kg7 57. h4 Kf7 58. g5 Kg8 59. Kg4 Kh7 60. h5 Kg8 61. hxg6 Kg7 62. f5 Kg8 63. Kh5 Kg7 64. f6+ Kf8 65. Kh6 Ke8 66. f7+ Kd7 67. f8=Q Ke6 68. Qf6+ Kd5 69. g7 Ke4 70. g8=Q Kd3 71. Qd5+ Ke2 72. Bg1 Ke1 73. Qe4+ Kd2 74. Qfd4+ Kc1 75. Qc6+ Kb1 76. Qdb6+ Ka2 77. Qa8# 1-0


[Site "https://www.chess.com"]

[Event "Titled Tuesday Blitz March 08 Late 2022"]
[White "Martins, Carlos"]
[Black "Iskusnyh, Sergei"]
[WhiteFideId "2101688"]
[BlackFideId "4120027"]
[WhiteElo "2183"]
[BlackElo "2492"]
[Result "0-1"]
[Round "08"]
[TimeControl "180+1"]
[Date "2022.03.09"]
[WhiteClock "0:00:09"]
[BlackClock "0:00:22"]

1. e4 e6 2. d4 d5 3. Nc3 Nf6 4. Bg5 dxe4 5. Nxe4 Nbd7 6. Nf3 h6 7. Nxf6+ Nxf6 8. Be3 Bd6 9. Bd3 O-O 10. Qe2 b6 11. Ne5 Bb7 12. f4 c5 13. c3 Nd5 14. O-O-O Qc7 15. Rhf1 Nxe3 16. Qxe3 cxd4 17. Qxd4 Bc5 18. Qc4 Be3+ 19. Kb1 Qxc4 20. Bxc4 Bxg2 21. Rfe1 Bxf4 22. Ng4 Bf3 23. Be2 Bxe2 24. Rxe2 Rfd8 25. Rg1 Kf8 26. Rf1 g5 27. Nxh6 Kg7 28. Ng4 f5 29. Ne5 Bxe5 30. Rxe5 Kf6 31. Rfe1 Rd6 32. R1e2 Rh8 33. R5e3 f4 34. Rf3 e5 35. Rf1 Kf5 36. Rfe1 Re6 37. Kc2 e4 38. Rf1 e3 39. c4 Ke4 40. Kc3 Rd8 41. Rg2 Re5 42. Rg4 Rd3+ 43. Kb4 a5+ 44. Ka4 Rd4 45. b3 b5+ 46. Kxa5 bxc4+ 47. Kb4 cxb3+ 48. Kxb3 Rb5+ 49. Kc3 Rc5+ 50. Kb3 Rd8 51. h4 Rb8+ 52. Ka4 Rc4+ 53. Ka5 Rc7 54. Ka6 Rc3 55. a4 e2 56. Re1 Kf3 57. Rxg5 Kf2 58. Rgg1 f3 59. h5 Rc6+ 60. Ka7 Rb4 61. a5 Rb5 62. a6 Rxh5 63. Kb7 Rc2 64. a7 Rb2+ 65. Kc8 Rc5+ 66. Kd7 Rd2+ 67. Ke6 Ra5 68. Ra1 Rda2 69. Rxa2 Rxa2 70. Rg7 Ra6+ 71. Kd5 e1=Q 0-1


[Site "https://www.chess.com"]

[Event "Titled Tuesday Blitz March 08 Late 2022"]
[White "Mekhitarian, Krikor Sevag"]
[Black "Risteski, Emil"]
[WhiteFideId "2107660"]
[BlackFideId "15005267"]
[WhiteElo "2598"]
[BlackElo "2070"]
[Result "0-1"]
[Round "08"]
[TimeControl "180+1"]
[Date "2022.03.08"]
[WhiteClock "0:00:17"]
[BlackClock "0:00:22"]

1. e4 d6 2. d4 Nf6 3. Nc3 e5 4. Nf3 Nbd7 5. Bc4 Be7 6. O-O O-O 7. Re1 c6 8. a4 a5 9. h3 Nb6 10. Ba2 Nfd7 11. dxe5 dxe5 12. Be3 Qc7 13. Ng5 Bxg5 14. Bxg5 Nc5 15. Be3 Ne6 16. Qh5 Nd4 17. Bxd4 exd4 18. Ne2 c5 19. e5 Be6 20. Bxe6 fxe6 21. Ng3 Nd5 22. Qg4 Qe7 23. Re4 Rf7 24. c3 dxc3 25. bxc3 Nxc3 26. Rc4 Nd5 27. Ne4 Raf8 28. Ra2 b6 29. Nd6 Rf4 30. Rxf4 Rxf4 31. Qg3 c4 32. Kh2 c3 33. Re2 Qf8 34. Ne4 c2 35. Nf6+ Rxf6 36. exf6 c1=Q 37. fxg7 Qff4 0-1


[Site "https://www.chess.com"]

[Event "Titled Tuesday Blitz March 08 Late 2022"]
[White "Milanovic, Marko"]
[Black "Rorrer, Grayson"]
[WhiteFideId "980129"]
[BlackFideId "30944996"]
[WhiteElo "2159"]
[BlackElo "2122"]
[Result "0-1"]
[Round "08"]
[TimeControl "180+1"]
[Date "2022.03.08"]
[WhiteClock "0:00:09"]
[BlackClock "0:00:09"]

1. e4 e5 2. Nf3 Nc6 3. Bc4 Nf6 4. d3 h6 5. c3 d6 6. a4 g6 7. O-O Bg7 8. Nbd2 O-O 9. h3 Kh8 10. Re1 Nh7 11. Nf1 f5 12. exf5 gxf5 13. Ne3 Nf6 14. Nh4 Ne7 15. Qf3 f4 16. Ng4 Qe8 17. d4 e4 18. Rxe4 Nxe4 19. Qxe4 Nf5 20. Qxe8 Rxe8 21. Ng6+ Kh7 22. Nxf4 Re1+ 23. Kh2 Bd7 24. Bd3 Kg8 25. Rb1 Rae8 26. Bd2 Rxb1 27. Bxb1 Ne7 28. Ba2+ Kh8 29. b3 Rf8 30. Bb1 Bf5 31. Bxf5 Rxf5 32. Nd3 Kh7 33. f3 h5 34. Ne3 Rf7 35. Nf2 Bh6 36. Ne4 d5 37. Ng3 h4 38. Ngf1 c6 39. Ng4 Bxd2 40. Nxd2 Ng6 41. Kg1 Re7 42. Kf2 Nf4 43. Ne5 Rg7 44. Ng4 Re7 45. Ne5 Ng6 46. Nd3 b6 47. Nf1 Rc7 48. Ne3 Ne7 49. Ng4 c5 50. dxc5 bxc5 51. Nf4 d4 52. cxd4 cxd4 53. Ke1 Rc2 54. Ne6 d3 55. Ng5+ Kg6 56. Ne4 Rxg2 57. Nef2 Rg3 58. Nxd3 Kf7 59. Nde5+ Ke6 60. Nf2 Kxe5 61. Ng4+ Kf4 62. Kf2 Rxf3+ 63. Ke2 Rg3 64. Nf2 Nf5 65. Nd3+ Ke4 66. Nc5+ Kd4 67. Ne6+ Kc3 68. a5 Nd4+ 69. Nxd4 Kxd4 70. Kf2 Rxb3 71. Ke2 Ra3 72. Kf2 Rxa5 73. Ke2 Ra3 0-1


[Site "https://www.chess.com"]